[Event "*** Titled Tuesday Blitz"]
[Site "Chess.com"]
[Date "2020.11.24"]
[Round "5"]
[White "esskeettit"]
[Black "nitpicker"]
[Result "0-1"]
[WhiteElo "2465"]
[BlackElo "2291"]
[TimeControl "180+1"]
[EndTime "11:12:26 PST"]
[Termination "nitpicker won by resignation"]

1. d4 Nf6 2. c4 e6 3. Nc3 Bb4 4. e3 d5 5. Bd3 O-O 6. Ne2 b6 7.
cxd5 exd5 8. O-O Bd6 9. Ng3 Re8 10.
Re1 Nbd7 11. b3 Bb7 12. Bb2 c5 13. Rc1 a6 14. Bb1 Rc8 15. Qf3 g6 16. Red1 Bf8 17.
Nge2 c4 18. bxc4 Rxc4 19. Nf4 Rb4 20. Ba3 Rc4 21. Bxf8 Nxf8 22. Bd3 Rc7 23. Qe2 b5 24. a3 Qd6 25. Qb2 Ne6 26. Nxe6 fxe6 27. Na2 Rce7 28. a4 Ng4 29. g3 Rf7 30. Rd2 Ref8 31. Rf1 bxa4 32.
Nb4 e5 33. dxe5 Nxe5 34. Be2 a5 35. Nc2 d4 36. Qxd4 Qc6 37. e4 Qxe4 38. Qxe4 Bxe4 39.
Ne3 Bf3 40. Ra1 Bc6 41. Rc2 Rxf2 42. Rc5 Rxe2 43. Rxe5 Rff2 44. Re6 Bf3 45. Re8+ Kf7 46. Re5 Kf6 47. Rxa5 Rxh2 48. Ra6+ Kg7 49. Ra7+ Kg8 50. Ra8+ Bxa8 0-1

[Event "*** Titled Tuesday Blitz"]
[Site "Chess.com"]
[Date "2020.11.24"]
[Round "5"]
[White "Gudmundur_Kjartansson"]
[Black "swimmerchess"]
[Result "0-1"]
[WhiteElo "2553"]
[BlackElo "2783"]
[TimeControl "180+1"]
[EndTime "11:12:27 PST"]
[Termination "swimmerchess won by resignation"]

1. d4 Nf6 2. c4 g6 3. Nc3 Bg7 4. e4 d6 5. Nf3 O-O 6. Be2 e5 7. O-O Nc6 8. d5 Ne7 9. Ne1 Nd7 10. Be3 f5 11. f3 f4 12. Bf2 g5 13. c5 Nxc5 14.
b4 Nd7 15. Rc1 a6 16. Qc2 Nf6 17. Nb1 c6 18. dxc6 bxc6 19. Nd3 Be6 20. Rfd1 Qe8 21. h3 h5 22. Bb6 g4 23. hxg4 hxg4 24. Nf2 g3 25.
Ng4 Qh5 26. Rxd6 Nxg4 27. fxg4 Qh2+ 28. Kf1 f3 29. Bxf3 Bxg4 30. Bg1 Rxf3+ 31. gxf3 Bh3+ 32. Ke1 Qxg1+ 33. Kd2 Qf2+ 34. Kc3 Qxc2+ 35. Kxc2 Rf8 36. Rd3 Ng6 37. Nc3 Nh4 38. Ne2 g2 39. Ng1 Be6 40.
Kb2 Rc8 41. Rd6 Kf7 42. a4 Bh6 43. Rc3 Bf8 44. Rdxc6 Rxc6 45. Rxc6 Bxb4 46. Rxa6 Bc5 47. Ne2 Bc4 48. Rc6 Bxe2 49. Rxc5 g1=Q 50. a5 Qxc5 51. a6 Bxa6 52. Kb3 Nxf3 0-1

[Event "*** Titled Tuesday Blitz"]
[Site "Chess.com"]
[Date "2020.11.24"]
[Round "5"]
[White "Squirlolz"]
[Black "jefferyx"]
[Result "1/2-1/2"]
[WhiteElo "2551"]
[BlackElo "2920"]
[TimeControl "180+1"]
[EndTime "11:12:27 PST"]
[Termination "Game drawn by repetition"]

1. e4 a6 2. d4 b5 3. a4 b4 4. Bd3 Bb7 5. Ne2 e6 6. O-O c5 7. c3 Nc6 8. Be3 bxc3 9. bxc3 cxd4 10. cxd4 Nb4 11. Nbc3 Nxd3 12. Qxd3 Bb4 13. Rab1 a5 14.
Nb5 Ba6 15. Rfc1 Nf6 16. Ng3 O-O 17. Bd2 Bxb5 18. axb5 Bxd2 19. Qxd2 Qb6 20. Qd3 Rfc8 21. Ne2 a4 22. Ra1 Rxc1+ 23. Nxc1 Ra5 24. f3 h6 25. Ne2 e5 26. Kf1 d5 27. dxe5 dxe4 28.
Qd4 Qxd4 29. Nxd4 Nd7 30. fxe4 Nxe5 31. Nc6 Rxb5 32. Nxe5 Rxe5 33. Rxa4 Kh7 34. Kf2 Kg6 35. Kf3 Rb5 36. Ra3 Kg5 37. g3 f6 38. h4+ Kh5 39. Rd3 Kg6 40. Kf4 h5 41. Rc3 Rb4 42. Re3 Kf7 43. Rd3 Ke6 44. Rd5 g6 45.
Ra5 Rb1 46. Ra6+ Kf7 47. Ra7+ Kg8 48. Kf3 Rb3+ 49. Kf4 Rb1 50. Kf3 Rb3+ 51. Kf4 Rb1 1/2-1/2

[Event "*** Titled Tuesday Blitz"]
[Site "Chess.com"]
[Date "2020.11.24"]
[Round "5"]
[White "Leonid_Starozhilov"]
[Black "GM_LOADING"]
[Result "0-1"]
[WhiteElo "2658"]
[BlackElo "2494"]
[TimeControl "180+1"]
[EndTime "11:12:28 PST"]
[Termination "GM_LOADING won on time"]

1. e4 e5 2. Nf3 Nc6 3. Bb5 g5 4. d3 h6 5. Bxc6 bxc6 6. Nxe5 Bg7 7. Nf3 Ne7 8. Nc3 d5 9. O-O O-O 10. d4 dxe4 11. Nxe4 Rb8 12. c3 Ng6 13. Nfd2 Qd5 14. Re1 Bf5 15. Ng3 Nh4 16. Nf3 Bg4 17. Nxh4 Bxd1 18. Nhf5 Rfe8 19. Rxd1 c5 20. b3 cxd4 21. cxd4 Bf8 22. Be3 Rb6 23. h4 Rf6 24. Rac1 Rxf5 25. Nxf5 Qxf5 26. hxg5 hxg5 27. Rxc7 Bd6 28. Rc6 Qd5 29.
Rdc1 Kg7 30. R6c2 Rh8 31. Kf1 Rh2 32. Ke2 Rxg2 33. Kd2 Bf4 34. Kd3 Bxe3 35. fxe3 Rxc2 36. Rxc2 f5 37. Rc7+ Kg6 38. Rc5 Qe4+ 39. Kc3 g4 40. Re5 Qxe5 41. dxe5 g3 42. Kd4 g2 43. Kd5 g1=Q 44. Kd6 Qxe3 45. e6 Kf6 46. e7 Qxe7+ 47. Kc6 Qa3 0-1

[Event "*** Titled Tuesday Blitz"]
[Site "Chess.com"]
[Date "2020.11.24"]
[Round "5"]
[White "Mikhail_Golubev"]
[Black "SHIVACalypso"]
[Result "0-1"]
[WhiteElo "2560"]
[BlackElo "2428"]
[TimeControl "180+1"]
[EndTime "11:12:28 PST"]
[Termination "SHIVACalypso won by resignation"]

1. e4 e6 2. d4 d5 3. Nc3 Nf6 4. Bg5 dxe4 5. Nxe4 Be7 6. Nxf6+ Bxf6 7. Bxf6 Qxf6 8. Qd2 c5 9. O-O-O cxd4 10. Nf3 Nc6 11. Nxd4 Nxd4 12. Qxd4 Qxd4 13. Rxd4 a6 14. g3 Ke7 15.
Bg2 Rd8 16. Rb4 Rb8 17. Re1 b6 18. f4 a5 19. Rb3 Bb7 20. Bxb7 Rxb7 21. f5 Rd6 22.
Rbe3 Rbd7 23. fxe6 Rxe6 24. Rxe6+ fxe6 25. c3 Kf6 26. Kc2 e5 27. Rd1 Rxd1 28. Kxd1 Kf5 29. b4 Ke4 30. Kc2 Kd5 31. Kb3 e4 32. c4+ Kd4 33.
c5 bxc5 34. bxa5 c4+ 35. Kb4 c3 36. Kb3 Kd3 37. a6 c2 38. a7 c1=Q 39. a8=Q Qc3+ 40. Ka4 e3 41. Qd5+ Qd4+ 42. Qxd4+ Kxd4 43. Kb5 e2 44. a4 e1=Q 45. a5 Qe8+ 46. Kb6 Qa8 47. a6 Ke3 48. g4 Kf2 49. h4 Kg3 50. h5 Kxg4 51. h6 gxh6 0-1

[Event "*** Titled Tuesday Blitz"]
[Site "Chess.com"]
[Date "2020.11.24"]
[Round "5"]
[White "Klavdia_Nik"]
[Black "Resignify"]
[Result "0-1"]
[WhiteElo "2076"]
[BlackElo "2261"]
[TimeControl "180+1"]
[EndTime "11:12:28 PST"]
[Termination "Resignify won on time"]

1. Nf3 Nf6 2. c4 g6 3. b3 Bg7 4. Bb2 O-O 5. g3 d6 6. d4 Nbd7 7. d5 c5 8. dxc6 bxc6 9. Bg2 Rb8 10. Nd4 Ne5 11. Nxc6 Nxc6 12. Bxc6 Bh3 13. Bf3 Qb6 14. Qd4 Qc7 15. Nc3 e6 16. Nb5 Qb6 17. Qxb6 Rxb6 18. O-O-O d5 19. Na3 Bf5 20. cxd5 Rc8+ 21. Nc4 exd5 22.
Bxd5 Nxd5 23. Rxd5 Bxb2+ 24. Kxb2 Rxc4 25. Rd2 Rc7 26. f3 Be6 27. e4 a5 28. Ka3 Rb4 29. Rhd1 Rcb7 30. Rd8+ Kg7 31. Ra8 a4 32. Rxa4 Rxa4+ 33. bxa4 Ra7 34. Rd4 Kf6 35. f4 Ke7 36. e5 Bd7 37. Kb3 Be6+ 38. Ka3 Ra5 39. Rb4 Rd5 40. Rb5 Kf8 41. Rb8+ Kg7 0-1

[Event "*** Titled Tuesday Blitz"]
[Site "Chess.com"]
[Date "2020.11.24"]
[Round "5"]
[White "oskariot"]
[Black "saraswathii"]
[Result "0-1"]
[WhiteElo "2638"]
[BlackElo "2415"]
[TimeControl "180+1"]
[EndTime "11:12:29 PST"]
[Termination "saraswathii won by resignation"]

1. c4 g6 2. g3 Bg7 3. Bg2 Nf6 4.
Nc3 O-O 5. e4 d6 6. Nge2 Nbd7 7.
O-O e5 8. d3 c6 9. f4 Qb6+ 10.
Kh1 Ng4 11. Qe1 Nc5 12. Qd2 f5 13. h3 Nf6 14. fxe5 dxe5 15. Qe3 fxe4 16. dxe4 Be6 17. b3 Rf7 18. Ba3 Na6 19. c5 Qc7 20. Bb2 Rd8 21. a3 Rfd7 22. Rfd1 Bxb3 23. Rxd7 Qxd7 24.
Nd5 Bxd5 25. exd5 Nxd5 26. Qb3 Nxc5 27. Qc4 Ne6 28. Rd1 Ng5 29. Kh2 Qe6 30. h4 Nf7 31. Nc3 Nc7 32. Rxd8+ Nxd8 33. Qe2 Nf7 34.
Ne4 b6 35. Qc2 Nd5 36. Bh3 Qe8 37. Bf1 Ne3 38. Qe2 Nxf1+ 39. Qxf1 Qe6 40. Qe2 Nd6 41. Ng5 Qd5 42. Qf2 Ne4 43. Qe2 Nxg5 44. hxg5 e4 45. Bxg7 Kxg7 46. Qa6 Qxg5 47. Qb7+ Kh6 48. Qxc6 e3 49.
Qe8 Qh5+ 50. Kg2 Qd5+ 51. Kh2 Qa2+ 52. Kh3 Qxa3 53. Qe7 Qxe7 0-1

[Event "*** Titled Tuesday Blitz"]
[Site "Chess.com"]
[Date "2020.11.24"]
[Round "5"]
[White "UCantHandleDenker"]
[Black "MattyDPerrine"]
[Result "1-0"]
[WhiteElo "2528"]
[BlackElo "2373"]
[TimeControl "180+1"]
[EndTime "11:12:30 PST"]
[Termination "UCantHandleDenker won on time"]

1. Nf3 d5 2. d4 Bf5 3. g3 Nd7 4. Bg2 Nb6 5. O-O e6 6. b3 Nf6 7. Bb2 h6 8. Nbd2 Be7 9. c4 c6 10. Ne5 O-O 11. Re1 a5 12. a3 Nbd7 13. Nd3 a4 14. b4 b5 15. c5 Qc8 16. Nf3 Be4 17.
Rc1 Bd8 18. Bf1 Bc7 19. Nd2 Bh7 20. Bg2 Re8 21. e4 dxe4 22. Nxe4 Nxe4 23. Bxe4 Bxe4 24.
Rxe4 Nf6 25. Re1 Qd7 26. Qe2 Nd5 27. Rcd1 Rad8 28. h4 Qe7 29. Ne5 Bxe5 30. dxe5 Qf8 31. Rd4 Ne7 32. Rd6 Rc8 33. g4 Nd5 34. Qf3 Rc7 35. Rd1 Rce7 36. Kh2 Rc7 37. Rg1 g6 38. Qe4 Qg7 39. f4 Kh7 40. Bd4 Qf8 41. Kh3 Qe7 42.
h5 Rg8 43. g5 hxg5 44. Rxg5 Rcc8 45. Bf2 Rc7 46. Bh4 Qe8 47. Rg2 Ne7 48. Bxe7 Qxe7 49.
Rxc6 Rxc6 50. Qxc6 gxh5 51. Qe4+ Rg6 52. Rg5 Kh6 53.
Rxg6+ fxg6 54. Qg2 Qf7 55. Qe4 1-0

[Event "*** Titled Tuesday Blitz"]
[Site "Chess.com"]
[Date "2020.11.24"]
[Round "5"]
[White "TST2014"]
[Black "VladaSviridova"]
[Result "1-0"]
[WhiteElo "2499"]
[BlackElo "2276"]
[TimeControl "180+1"]
[EndTime "11:12:30 PST"]
[Termination "TST2014 won on time"]

1. d4 d5 2. c4 c6 3. Nf3 Nf6 4. Nc3 dxc4 5. a4 Bf5 6. e3 e6 7. Bxc4 Bb4 8. O-O O-O 9. Qe2 Nbd7 10. e4 Bg6 11. Rd1 Bxc3 12. bxc3 Bxe4 13. a5 b5 14. Bb3 Qc7 15. Bg5 h6 16. Bh4 c5 17. Ne5 Bd5 18.
Nxd7 Nxd7 19. Bxd5 exd5 20. Qxb5 Rab8 21. Qe2 Qc6 22.
h3 c4 23. Re1 Nf6 24. Qe7 Rb7 25. Qe3 Re8 26. Qc1 Rxe1+ 27. Qxe1 Ne4 28. f3 Nd6 29. Qe5 g5 30. Bg3 Ne8 31. Re1 Ng7 32.
h4 gxh4 33. Bxh4 Rb3 34. Bf6 Ne6 35. Qg3+ Kf8 36. Qh4 Rxc3 37. Qxh6+ Ke8 38. Qh8+ Kd7 39. Qb8 Qc7 40. Qb5+ Qc6 41. Qb4 Rb3 42. Qe7+ Kc8 43.
Qxf7 Nc7 44. Re7 Kb7 45. Be5 c3 46. Rxc7+ Qxc7 47. Qxc7+ Ka6 48. Qc6+ Kxa5 49. Qxd5+ Kb4 50. Qc5+ Ka4 51. Bd6 a5 52. Qc4+ 1-0

[Event "*** Titled Tuesday Blitz"]
[Site "Chess.com"]
[Date "2020.11.24"]
[Round "5"]
[White "salomez"]
[Black "sopo-tereladze"]
[Result "0-1"]
[WhiteElo "2145"]
[BlackElo "2302"]
[TimeControl "180+1"]
[EndTime "11:12:30 PST"]
[Termination "sopo-tereladze won on time"]

1. e4 d6 2. d4 Nd7 3. Nc3 Ngf6 4. g3 e5 5. Bg2 Be7 6. Nge2 O-O 7. O-O c6 8. h3 Qc7 9. Be3 b5 10. a3 a5 11. g4 Rb8 12. Ng3 g6 13. f4 b4 14.
axb4 axb4 15. Nce2 Re8 16. g5 Nh5 17. Nxh5 gxh5 18.
Ng3 exd4 19. Bxd4 c5 20. Qxh5 cxd4 21. Nf5 Bf8 22. Nh6+ Bxh6 23. gxh6 Qc5 24. Qg4+ Kf8 25. Qg7+ Ke7 26. Qxh7 Nf6 27. Qg7 Bd7 28. e5 d3+ 29. Kh1 Nd5 30. exd6+ Kxd6 31. Qxf7 Be6 32. Qg6 Rg8 33. Qe4 Ne3 34. Qxd3+ Bd5 35. Ra6+ Kc7 36. Bxd5 Qxd5+ 37. Qxd5 Nxd5 38. h7 Rh8 39. Rh6 Ne7 40.
f5 Rbf8 41. f6 Nd5 0-1

[Event "*** Titled Tuesday Blitz"]
[Site "Chess.com"]
[Date "2020.11.24"]
[Round "5"]
[White "Ermito2020"]
[Black "elamier"]
[Result "0-1"]
[WhiteElo "2618"]
[BlackElo "2376"]
[TimeControl "180+1"]
[EndTime "11:12:31 PST"]
[Termination "elamier won by resignation"]

1. e4 c5 2. Nf3 Nc6 3. Bb5 g6 4. O-O Bg7 5. c3 Nf6 6. Re1 O-O 7. d4 cxd4 8. cxd4 d5 9. e5 Ne4 10. Nc3 Nxc3 11. bxc3 Bd7 12. Bxc6 Bxc6 13. e6 f6 14. Bf4 Qa5 15. Qd2 Rac8 16. h4 Rfd8 17. Rac1 Be8 18. Nh2 Rc4 19. Ng4 Rdc8 20. Re3 b5 21. Kh2 Qa6 22.
Rb1 Qc6 23. Nh6+ Kf8 24. Ng4 a5 25. Bh6 Bxh6 26. Nxh6 Rxc3 27. Ng4 Rc2 28. Qd1 h5 29. Qf3 hxg4 30. Qxg4 Rxf2 31. h5 Qc2 32. Rg1 Qf5 33.
Qxf5 Rxf5 34. hxg6 Bxg6 35. Ra3 a4 36. Rh3 Rh5 37.
Rxh5 Bxh5 38. Rb1 Be2 39. Rb2 Bc4 40. a3 Rc6 41. Kh3 Rxe6 42. Kg4 Re3 43. Kf4 Rxa3 44. g4 Kf7 45. Rh2 Rc3 46. Rh7+ Ke6 47. Rh8 a3 48. Ra8 a2 49. Ra6+ Kd7 50. g5 fxg5+ 51. Kxg5 Rc1 52.
Ra7+ Kc6 0-1

[Event "*** Titled Tuesday Blitz"]
[Site "Chess.com"]
[Date "2020.11.24"]
[Round "5"]
[White "IMAghasiyevKamal"]
[Black "Arseniy_Nesterov"]
[Result "0-1"]
[WhiteElo "2570"]
[BlackElo "2801"]
[TimeControl "180+1"]
[EndTime "11:12:32 PST"]
[Termination "Arseniy_Nesterov won by resignation"]

1. e4 e5 2. Nf3 Nc6 3. Bb5 a6 4. Ba4 b5 5. Bb3 Na5 6. O-O d6 7. c3 Nxb3 8. axb3 Nf6 9. Re1 Bb7 10. d3 Be7 11. Nbd2 O-O 12. c4 Re8 13. Nf1 g6 14. Bd2 Bf8 15. Ba5 Qd7 16. Ne3 Bg7 17. Rc1 c6 18. Qc2 d5 19. c5 d4 20. Nf1 Qe7 21.
Bd2 Bc8 22. b4 Bg4 23. Ng5 h6 24. h3 Bh5 25. g4 hxg5 26. Bxg5 Qe6 27. f3 a5 28.
bxa5 Rxa5 29. Ra1 Rea8 30. Rxa5 Rxa5 31. Bxf6 Bxf6 32. Kg2 Bh4 33. Rb1 Qf6 34. Qd2 Ra2 35.
Ng3 Bg5 36. Qc2 Bf4 37. Ne2 Be3 38. Rf1 Qg5 39. Qb3 Ra7 40. Kh2 Kg7 41. Qd1 Ra8 42.
gxh5 Qxh5 43. Ng3 Bf4 44. Rg1 Qh4 45. Qe1 Rh8 46. Qf1 Kf8 47. Qg2 Ke7 48. Re1 Rh5 49.
Ra1 Rg5 0-1

[Event "*** Titled Tuesday Blitz"]
[Site "Chess.com"]
[Date "2020.11.24"]
[Round "5"]
[White "machupichu10"]
[Black "Savva09022009"]
[Result "1-0"]
[WhiteElo "2758"]
[BlackElo "2543"]
[TimeControl "180+1"]
[EndTime "11:12:32 PST"]
[Termination "machupichu10 won by checkmate"]

1. d4 Nf6 2. Bf4 d5 3. c3 c5 4. e3 Nc6 5. Nd2 e6 6. Ngf3 Bd6 7. Bg3 O-O 8. Bd3 b6 9. e4 dxe4 10. Nxe4 Nxe4 11. Bxe4 Bb7 12. dxc5 Bxc5 13. Qa4 Na5 14. Rd1 Qc8 15. Ng5 h6 16. Bxb7 Qxb7 17. Ne4 Nc6 18. O-O Rfd8 19. Qb5 Bf8 20. h3 Nd4 21. Qd3 Nf5 22. Qf3 Nxg3 23. Nf6+ gxf6 24. Qxb7 Nxf1 25.
Rxd8 Rxd8 26. Kxf1 Rd2 27. Qxa7 Rxb2 28. Qa4 Bc5 29.
Qg4+ Kf8 30. f3 Rf2+ 31. Ke1 Rxa2 32. Kd1 f5 33. Qf4 Kg7 34. g4 fxg4 35. hxg4 Ra1+ 36. Kc2 Ra2+ 37. Kb3 Rf2 38. Kc4 Kg6 39. Kb5 f5 40.
gxf5+ exf5 41. Kc6 h5 42. Kd5 Kf6 43. Qh6+ Kf7 44.
Qxh5+ Kf6 45. Qh6+ Kf7 46. Qe6+ Kg7 47. Qxf5 Rd2+ 48.
Kc6 Rf2 49. f4 Kh6 50. Qg5+ Kh7 51. f5 Ra2 52. f6 Ra8 53. Qg7# 1-0

[Event "*** Titled Tuesday Blitz"]
[Site "Chess.com"]
[Date "2020.11.24"]
[Round "5"]
[White "xberli"]
[Black "Kotofeyca"]
[Result "1-0"]
[WhiteElo "2567"]
[BlackElo "2409"]
[TimeControl "180+1"]
[EndTime "11:12:32 PST"]
[Termination "xberli won by resignation"]

1. d4 d5 2. c4 c6 3. cxd5 cxd5 4. Bg5 h6 5. Bh4 Qb6 6. Qd2 Bf5 7. Nc3 e6 8. e3 Nc6 9. Bd3 Bxd3 10. Qxd3 Be7 11. Bxe7 Ngxe7 12. Nf3 O-O 13. O-O Rfc8 14. Na4 Qd8 15. Rfc1 Nf5 16. Nc5 Nd6 17. Ne5 Nxe5 18. dxe5 Nc4 19. Nxb7 Qb6 20. Nd6 Nxd6 21. exd6 Qxd6 22.
e4 Rxc1+ 23. Rxc1 Rd8 24. exd5 exd5 25. Qd4 Qb6 26. Qxb6 axb6 27. Kf1 Kf8 28. Ke2 Ke7 29.
Rc6 Rd6 30. Rc8 Kd7 31. Rg8 g6 32. Kd3 Rf6 33. f3 Re6 34. Kd2 Kc6 35. h4 Kc5 36. Rh8 h5 37. Rf8 Rf6 38. Kd3 Rf4 39. a3 Rxh4 40.
Rxf7 Rh2 41. Rc7+ Kd6 42. Rc2 Ke5 43. b4 g5 44. a4 g4 45. fxg4 hxg4 46. a5 bxa5 47.
bxa5 Rh1 48. Ra2 Rh7 49. a6 Ra7 50. Ra4 g3 51. Ke3 d4+ 52. Kd3 Kf5 53. Kxd4 Kf4 54. Kd3+ Kf5 55. Ke3 Ke5 56. Kf3 Rf7+ 57. Kxg3 Rg7+ 58.
Kf3 Rf7+ 59. Ke3 Ra7 60. g4 Kd5 61. g5 Kc5 62. Kf4 Kb5 63. Ra1 Kb6 64. Kf5 Rf7+ 65. Ke6 Rg7 66. a7 Rxa7 67. Rxa7 Kxa7 68. g6 1-0

[Event "*** Titled Tuesday Blitz"]
[Site "Chess.com"]
[Date "2020.11.24"]
[Round "5"]
[White "igorknyazev"]
[Black "MikeSailer"]
[Result "1/2-1/2"]
[WhiteElo "2045"]
[BlackElo "2153"]
[TimeControl "180+1"]
[EndTime "11:12:32 PST"]
[Termination "Game drawn by stalemate"]

1. e4 d5 2. exd5 Qxd5 3. d4 Nc6 4. Nc3 Qxd4 5. Qxd4 Nxd4 6. Bd3 Nf6 7. Be3 e5 8.
O-O-O Nc6 9. Nb5 Bd6 10. Nxd6+ cxd6 11. f4 Bg4 12. Ne2 O-O-O 13. h3 Bxe2 14. Bxe2 d5 15. fxe5 Nxe5 16. Bxa7 Ne4 17. Bd4 f6 18. Bf3 Rhe8 19.
Rhe1 Nxf3 20. gxf3 Ng5 21. f4 Rxe1 22. Rxe1 Nxh3 23.
Re7 Rd7 24. Re8+ Kc7 25. f5 Ng5 26. Kd2 Nf3+ 27. Kd3 Nxd4 28. Kxd4 g6 29. Rf8 gxf5 30. Rxf6 h5 31. Rxf5 Rh7 32. Rf3 h4 33. Rh3 Kd6 34. b4 b5 35. a4 bxa4 36. c4 dxc4 37. Kxc4 Kc6 38. b5+ Kb6 39. Kb4 a3 40. Kxa3 Kxb5 41. Kb3 Kc5 42. Kc3 Kd5 43. Kd3 Ke5 44. Ke3 Kf5 45. Kf3 Kg5 46. Rh1 Rf7+ 47. Kg2 Kg4 48.
Ra1 Rf4 49. Ra3 Rb4 50. Kh2 Rb2+ 51. Kh1 h3 52. Rc3 Rg2 53. Ra3 Rg3 54. Rxg3+ Kxg3 55. Kg1 h2+ 56. Kh1 Kh3 1/2-1/2

[Event "*** Titled Tuesday Blitz"]
[Site "Chess.com"]
[Date "2020.11.24"]
[Round "5"]
[White "Witik"]
[Black "SlavenPastar"]
[Result "0-1"]
[WhiteElo "2693"]
[BlackElo "2500"]
[TimeControl "180+1"]
[EndTime "11:12:33 PST"]
[Termination "SlavenPastar won on time"]

1. d4 b6 2. e4 Bb7 3. Nc3 e6 4.
a3 Nf6 5. Bd3 c5 6. Nf3 cxd4 7.
Nxd4 Nc6 8. Nxc6 Bxc6 9. O-O Be7 10. e5 Nd5 11. Ne4 O-O 12. c4 Nc7 13. Qg4 Ne8 14.
Bh6 Kh8 15. Be3 f5 16. exf6 Nxf6 17. Nxf6 Bxf6 18. Qh5 g6 19. Bxg6 Qe7 20. f3 Bxb2 21. Rad1 Kg8 22. Bb1 Rf7 23. Rfe1 Bxa3 24. Rd4 Bc5 25.
Rg4+ Kf8 26. Qh6+ Ke8 27. Rg8+ Rf8 28. Rg7 Rf7 29. Rxh7 Rxh7 30. Bxh7 Kd8 31. Kh1 Bxe3 32. Rxe3 Kc7 33. Bd3 Kb7 34. Qf4 a5 35. h3 a4 36.
Bb1 a3 37. Ba2 Qb4 38. Qe5 Qb2 39. Re2 Qc1+ 40. Kh2 Rg8 41. h4 Bxf3 0-1

[Event "*** Titled Tuesday Blitz"]
[Site "Chess.com"]
[Date "2020.11.24"]
[Round "5"]
[White "CzechmVIII"]
[Black "akanga001"]
[Result "1-0"]
[WhiteElo "2140"]
[BlackElo "1946"]
[TimeControl "180+1"]
[EndTime "11:12:35 PST"]
[Termination "CzechmVIII won on time"]

1. e4 d6 2. d4 Nf6 3. Nc3 c6 4. f4 Bg4 5. Be2 Bxe2 6. Qxe2 Nbd7 7. Nf3 e5 8. O-O Qc7 9. Kh1 O-O-O 10. Be3 h6 11. a4 Ng4 12. Bg1 exf4 13. a5 g5 14. e5 dxe5 15. dxe5 Ngxe5 16. Bxa7 Nxf3 17. Qxf3 Bc5 18. Bxc5 Nxc5 19. b4 Na6 20. b5 cxb5 21. Nxb5 Qc5 22.
c4 f5 23. Qh5 Kb8 24. Rfe1 Nc7 25. Nxc7 Qxc7 26. a6 b6 27. Reb1 Ka7 28. Qe2 Rd6 29. h3 Rhd8 30. Qb2 Qc6 31. Re1 R8d7 32. Qf2 Rd2 33. Qf3 Qxf3 34. gxf3 Rc2 35. Re6 Rxc4 36. Rxh6 Rc3 37. Rb1 Rc2 38. Rhxb6 Rcc7 39. h4 gxh4 40.
R6b5 Rf7 41. Re5 Rg7 42. Rxf5 Rc2 43. Rxf4 Kxa6 44. Rxh4 Rc5 45. Rh6+ 1-0

[Event "*** Titled Tuesday Blitz"]
[Site "Chess.com"]
[Date "2020.11.24"]
[Round "5"]
[White "Trovita84"]
[Black "Skat2704"]
[Result "1-0"]
[WhiteElo "2020"]
[BlackElo "2368"]
[TimeControl "180+1"]
[EndTime "11:12:36 PST"]
[Termination "Trovita84 won by checkmate"]

1. e4 c6 2. d4 d5 3. e5 Bf5 4. h4 h5 5. Bg5 Qb6 6. Bd3 Bxd3 7. Qxd3 e6 8. Nf3 Be7 9. b3 Nd7 10. Nbd2 O-O-O 11. O-O-O Bxg5 12. Nxg5 Nh6 13. Kb2 Kb8 14. a4 c5 15. dxc5 Nxc5 16. Qd4 Nf5 17. Qf4 Rhf8 18. Nh7 Rfe8 19. Ng5 d4 20. Nc4 Qb4 21. Ra1 Qc3+ 22. Kb1 d3 23. Qd2 dxc2+ 24. Qxc2 Qxc2+ 25. Kxc2 Nd4+ 26. Kb2 Nd3+ 27. Kc3 Ne2+ 28. Kc2 Nxf2 29. Rhf1 Nd4+ 30. Kc3 Ng4 31. Rxf7 Ne2+ 32. Kb4 Rd5 33. Nd6 a5+ 34. Ka3 Rd8 35. Rxb7+ Ka8 36.
Rxg7 Ne3 37. Nge4 Nc2+ 38. Kb2 Nxa1 39. Kxa1 Rf8 40. Kb2 Nd4 41. Kc3 Nc6 42. Rg5 Rxe5 43. Rg7 Rd5 44. Nc4 Nb4 45. Nb6+ Kb8 46. Nxd5 exd5 47. Nc5 Rc8 48. Kd4 Rf8 49. Rb7+ Kc8 50. Rg7 Rf2 51. Rg5 Rd2+ 52. Ke5 Rc2 53. Kd6 d4 54.
Rg8# 1-0

[Event "*** Titled Tuesday Blitz"]
[Site "Chess.com"]
[Date "2020.11.24"]
[Round "5"]
[White "MokshanovAlexey"]
[Black "Kopytkin"]
[Result "1-0"]
[WhiteElo "2616"]
[BlackElo "2432"]
[TimeControl "180+1"]
[EndTime "11:12:37 PST"]
[Termination "MokshanovAlexey won on time"]

1. e4 Nf6 2. e5 Nd5 3. c4 Nb6 4.
d4 d6 5. exd6 cxd6 6. Bd3 g6 7.
Ne2 Bg7 8. O-O O-O 9. Nbc3 Nc6 10. d5 Ne5 11. b3 e6 12. dxe6 Bxe6 13. Bb2 d5 14. c5 Nbd7 15. b4 Nxd3 16. Qxd3 Ne5 17.
Qb1 Qh4 18. Nb5 Qxb4 19. Bxe5 Qxb1 20. Raxb1 Bxe5 21. f4 Bb8 22. Ned4 a6 23. Nd6 b5 24. Rfe1 Bxd6 25. cxd6 Rfe8 26. Rbc1 Rac8 27. Rxc8 Rxc8 28. Rxe6 fxe6 29. Nxe6 Kf7 30. d7 Rb8 31. d8=Q Rxd8 32. Nxd8+ Ke7 33. Nb7 b4 34. Kf2 Kd7 35. Ke3 Kc6 36.
Na5+ Kb5 37. Nb3 Kc4 38. g4 Kc3 39. f5 a5 40. f6 a4 41. Nd4 b3 42. Nxb3 axb3 43.
axb3 d4+ 44. Kf2 d3 45. f7 d2 46. f8=Q d1=Q 47. Qf3+ Qxf3+ 48. Kxf3 Kxb3 49. Kf4 Kc4 50. Kg5 Kd5 51. Kh6 Ke6 52. Kxh7 Kf6 53. Kh6 g5 54. Kh5 1-0

[Event "*** Titled Tuesday Blitz"]
[Site "Chess.com"]
[Date "2020.11.24"]
[Round "5"]
[White "Jumbo"]
[Black "sara_khm"]
[Result "1-0"]
[WhiteElo "2845"]
[BlackElo "2575"]
[TimeControl "180+1"]
[EndTime "11:12:39 PST"]
[Termination "Jumbo won by resignation"]

1. d4 Nf6 2. Bf4 d5 3. e3 c5 4. c3 Nc6 5. Nd2 cxd4 6. exd4 Bf5 7. Qb3 Qc8 8. Ngf3 e6 9. a4 Be7 10. a5 O-O 11. a6 b6 12. h3 Ne4 13. Be2 Bd6 14.
Bxd6 Nxd6 15. O-O Na5 16. Qb4 Ndc4 17. Nxc4 dxc4 18. Ne5 Qxa6 19. Nxc4 Rfc8 20. b3 Rc7 21. Rfe1 Qc8 22. Bf3 Rb8 23. Nd6 Qf8 24. Re5 Nxb3 25. Ra3 Nd2 26. Nxf5 Qxb4 27. cxb4 Rc1+ 28. Kh2 exf5 29.
Be2 Re1 30. Rxa7 f4 31. Ree7 Rf8 32. d5 Rb1 33. d6 Rxb4 34. d7 Rd4 35. Re8 g6 36. Raa8 Rxd7 37. Rxf8+ Kg7 38. Rfd8 Rxd8 39. Rxd8 Ne4 40. Kg1 Nc3 41. Bf3 b5 42. Rc8 b4 43. Rc4 Na2 44. Bd1 g5 45. Bb3 Nc3 46.
Rxb4 Ne2+ 47. Kf1 Nc1 48. Bc4 f3 49. Rb1 fxg2+ 50. Kxg2 1-0

[Event "*** Titled Tuesday Blitz"]
[Site "Chess.com"]
[Date "2020.11.24"]
[Round "5"]
[White "ViktoriyaTarasova"]
[Black "klimkoj"]
[Result "0-1"]
[WhiteElo "2298"]
[BlackElo "2624"]
[TimeControl "180+1"]
[EndTime "11:12:45 PST"]
[Termination "klimkoj won by checkmate"]

1. d4 Nf6 2. c4 e6 3. Nc3 Bb4 4. Nf3 b6 5. e3 Bb7 6. Bd3 O-O 7. O-O Ne4 8. Nxe4 f5 9. Nc3 Be7 10. Be2 d6 11. b4 Nd7 12. Bb2 Nf6 13. Nd2 Rb8 14. Bf3 Bc8 15. a4 g5 16. Be2 Bd7 17. a5 Kg7 18. axb6 axb6 19. f4 g4 20. d5 e5 21. e4 exf4 22. Rxf4 Nh5 23. Rf1 Bf6 24. Nb3 Qe7 25. Qc2 Kg8 26. Bd3 f4 27.
Nd1 g3 28. h3 Bxb2 29. Nxb2 f3 30. Rxf3 Rxf3 31. gxf3 Nf4 32. Bf1 Qh4 33. Nd3 Nh5 34.
Nd4 Qf6 35. Qb2 Rf8 36. Bg2 Qg5 37. Ne2 Qe3+ 38. Kh1 Qxd3 39. Rc1 Rxf3 40. Kg1 Rf2 41. Re1 Qe3 42. Kh1 Nf4 43. Qf6 Nxe2 44. Qd8+ Rf8 45.
Qxd7 Qd2 46. Qe6+ Kh8 47. Rf1 Nf4 48. Rg1 Nxg2 49. Rxg2 Qe1+ 50. Rg1 Qf2 51. Qg4 Qh2# 0-1

[Event "*** Titled Tuesday Blitz"]
[Site "Chess.com"]
[Date "2020.11.24"]
[Round "5"]
[White "Guachiney"]
[Black "Vladislav_Chizhikov"]
[Result "1-0"]
[WhiteElo "2761"]
[BlackElo "2522"]
[TimeControl "180+1"]
[EndTime "11:12:45 PST"]
[Termination "Guachiney won by checkmate"]

1. e4 e6 2. d4 d5 3. Nc3 Bb4 4. e5 Ne7 5. a3 Bxc3+ 6. bxc3 c5 7. h4 Qc7 8. h5 cxd4 9. cxd4 Qc3+ 10. Bd2 Qxd4 11.
Nf3 Qa4 12. h6 gxh6 13. Bd3 Nbc6 14. Rxh6 Ng6 15. Kf1 Qg4 16. Bxg6 fxg6 17. Rb1 a6 18. Rh4 Qf5 19. Rf4 Qh5 20. Kg1 b5 21. Qe2 Bd7 22. g3 h6 23. Kg2 g5 24. Rh1 Qg6 25. Rf6 Qxc2 26. Nxg5 O-O-O 27. Rc1 Qb2 28. Nxe6 Rde8 29.
Nf4 Rxe5 30. Rfxc6+ Bxc6 31. Qg4+ Kb7 32. Qg7+ Kb6 33.
Qxh8 Qxd2 34. Rxc6+ Kxc6 35. Qxe5 a5 36. Qe8+ Kc5 37.
Qc8+ Kd4 38. Qc6 Qa2 39. Qxb5 Qxa3 40. Qxd5+ Kc3 41. Qc6+ Kb2 42. Qxh6 a4 43. Qf6+ Qc3 44. Qb6+ Qb3 45. Qd4+ Kc2 46. Nd5 a3 47. Nb4+ Kb1 48. g4 Kc1 49. g5 Qe6 50. Qc3+ Kd1 51. Qc2+ Ke1 52. Nd3# 1-0